 Dungeon Crawl Stone Soup version 0.29-a0-872-g797fff5ad1 (webtiles) character file.

Game seed: 17759482140413832364

251 Zonian the Chiller (level 5, -2/35 HPs)
             Began as a Demonspawn Ice Elementalist on July 18, 2022.
             Was a Believer of Nemelex Xobeh.
             Killed by nerve-wracking pain
             ... invoked by an orc priest
              (14 damage)
             ... on level 4 of the Dungeon.
             The game lasted 00:08:01 (6158 turns).

Zonian the Chiller (Demonspawn Ice Elementalist)    Turns: 6158, Time: 00:08:01

Health: -2/35      AC:  2    Str:  9    XL:     5   Next: 88%
Magic:  8/9        EV: 13    Int: 16    God:    Nemelex Xobeh [**....]
Gold:   156        SH:  0    Dex: 15    Spells: 3/10 levels left

rFire   . . .      SeeInvis .   f - +2 dagger (venom)
rCold   . . .      Faith    .   (no shield)
rNeg    . . .      Spirit   .   a - +0 robe
rPois   .          Reflect  .   (no helmet)
rElec   .          Harm     .   (no cloak)
rCorr   .          Rampage  .   (no gloves)
Will    .....                   (no boots)
Stlth   ++........              (no amulet)
HPRegen 0.11/turn               (no ring)
MPRegen 0.11/turn               (no ring)

@: no status effects
A: spiny 1, sturdy frame 1, demonic touch 1
a: Renounce Religion, Draw Escape, Draw Destruction, Draw Summoning


You were on level 4 of the Dungeon.
You worshipped Nemelex Xobeh.
Nemelex Xobeh was pleased with you.
You visited 1 branch of the dungeon, and saw 4 of its levels.

You collected 156 gold pieces.

Inventory:

Hand Weapons
 e - a +0 dagger of draining
 f - a +2 dagger of venom (weapon)
 h - a +0 short sword
Missiles
 c - 2 javelins
 r - 6 boomerangs
 s - 5 poisoned darts
Armour
 a - a +0 robe (worn)
 m - the +2 robe "Zurer" {Drain rC++}
   (You found it on level 2 of the Dungeon)

   rC:        It greatly protects you from cold.
   Drain:     It drains your maximum health when unequipped.
Wands
 o - a wand of acid (14)
Scrolls
 d - a scroll of summoning {unknown}
 g - 2 scrolls of teleportation
Potions
 b - 2 potions of magic
 k - a potion of ambrosia {unknown}
 l - a potion of haste {unknown}
 n - 3 potions of degeneration
 p - 2 potions of attraction
 q - a potion of mutation {unknown}


   Skills:
 + Level 3.2 Dodging
 + Level 3.4 Stealth
 + Level 3.2 Spellcasting
 + Level 4.5 Ice Magic


You had 3 spell levels left.
You knew the following spells:

 Your Spells              Type           Power      Damage    Failure   Level
a - Freeze                Ice            68%        1d8       2%          1
b - Frozen Ramparts       Ice            34%        1d5       9%          3
c - Ozocubu's Armour      Ice            17%        N/A       9%          3

Your spell library contained the following spells:

 Spells                   Type           Power      Damage    Failure   Level
 Apportation              Tloc           4%         N/A       19%         1
 Necrotise                Necr           8%         1d4       19%         1
 Summon Small Mammal      Summ           8%         N/A       19%         1
 Static Discharge         Conj/Air       2%         3-4/arc   28%         2
 Hailstorm                Conj/Ice       9%         3d4       58%         4
 Metabolic Englaciation   Hex/Ice        4%         N/A       90%         5
 Lightning Bolt           Conj/Air       1%         1d12      99%         5
 Simulacrum               Ice/Necr       4%         N/A       100%        6
 Maxwell's Capacitive Co  Air            1%         ∞         100%        8


Dungeon Overview and Level Annotations

Branches:
Dungeon (4/15)
 Temple: D:4-7

Altars:
Nemelex Xobeh
Wu Jian


Innate Abilities, Weirdness & Mutations

You are partially covered in sharp spines.
Your movements are slightly less encumbered by armour. (ER -2)
Your touch may inflict minor irresistible damage on your foes.


Message History

You start waiting.
An orc priest comes into view. It is wielding a +0 flail.
Unknown command.
An orc priest comes into view. It is wielding a +0 hand axe.
The orc priest moves out of view.
The orc priest is struck by your spines.
The orc priest closely misses you.
An orc wizard comes into view. It is wielding a +0 dagger.
The orc wizard shouts!
The orc priest shouts!
You hit the orc priest.
The orc priest is poisoned.
You touch the orc priest!
The orc priest is almost dead.
You kill the orc priest!
The orc wizard casts a spell at you. You resist with some effort.
The orc wizard is struck by your spines.
The orc wizard hits you with a +0 dagger.
You see here a +0 hand axe.
You hit the orc wizard.
The orc wizard is moderately wounded.
The orc wizard is struck by your spines.
The orc wizard hits you with a +0 dagger.
You hit the orc wizard but do no damage.
The orc wizard is poisoned.
You touch the orc wizard!
The orc wizard is almost dead.
The orc priest invokes the aid of Beogh against you.
Pain shoots through your body!
The orc wizard gestures at you while chanting.
The puff of flame hits you.
Okay, then.
Casting: Freeze (safe; 2% risk of failure)
Confirm with . or Enter, or press ? or * to list all spells.
Aiming: Freeze (safe; 2% risk of failure)
Press: ? - help, Shift-Dir - straight line, f - orc wizard
Aim: an orc wizard, wielding a +0 dagger and wearing a +0 robe (almost dead, very poisoned)
You freeze the orc wizard.
You kill the orc wizard!
The orc priest mumbles some strange prayers to Beogh against you.
Pain shoots through your body!
You die...
Your body disappears without a glow.

##..# #.# .#
##.## #.# ..#
#†.# ##.# #..#
#..# ##..#
#..###..# ##...#
#.....####...##
###.....###))###
#......)##)..#
#.......o@...##
#..........###
#...#....###
#..####### ..#


You could see an orc priest.

Vanquished Creatures
  An orc priest (D:4)
  4 orc wizards (D:4)
  6 adders
  4 worms
  6 orcs (D:4)
  9 ball pythons
  4 endoplasms
  4 giant cockroaches
  2 goblins
  8 hobgoblins
  9 jackals
  4 quokkas
  3 bats
  4 frilled lizards
  4 kobolds
  5 rats
77 creatures vanquished.

Vanquished Creatures (others)
  2 plants (D:3)
2 creatures vanquished.

Grand Total: 79 creatures vanquished

Notes
Turn   | Place    | Note
-------+----------+-------------------------------------------
     0 | D:1      | Zonian the Demonspawn Ice Elementalist began the quest for
                  | the Orb.
     0 | D:1      | Reached XP level 1. HP: 13/13 MP: 3/3
   470 | D:1      | Found a faded altar of an unknown god.
   880 | D:1      | Prayed at the altar of an unknown god.
   880 | D:1      | Became a worshipper of Nemelex Xobeh the Trickster
   880 | D:1      | Reached * piety under Nemelex Xobeh
   880 | D:1      | Received a gift from Nemelex Xobeh
   960 | D:1      | Gained mutation: Your movements are slightly less
                  | encumbered by armour. (ER -2) [demonic ancestry]
   960 | D:1      | Reached XP level 2. HP: 19/19 MP: 3/5
  1168 | D:1      | Received a gift from Nemelex Xobeh
  2021 | D:2      | Gained mutation: Your touch may inflict minor irresistible
                  | damage on your foes. [demonic ancestry]
  2021 | D:2      | Reached XP level 3. HP: 24/24 MP: 4/6
  2614 | D:2      | Identified the +2 robe "Zurer" {Drain rC++}
  2800 | D:2      | Reached ** piety under Nemelex Xobeh
  3387 | D:2      | Reached skill level 4 in Ice Magic
  4116 | D:2      | Gained mutation: You are partially covered in sharp spines.
                  | [demonic ancestry]
  4116 | D:2      | Reached XP level 4. HP: 23/30 MP: 4/7
  4432 | D:3      | Found an ornate altar of the Wu Jian Council.
  4630 | D:3      | Learned a level 3 spell: Frozen Ramparts
  4634 | D:3      | Learned a level 3 spell: Ozocubu's Armour
  5304 | D:4      | Reached XP level 5. HP: 18/35 MP: 9/9
  6158 | D:4      | Killed from afar by an orc priest

Illustrated notes

Levels and vault maps discovered:
D:1:      lightli_arrival_chessboard, layout_basic,
          hellmonk_ecumenical_altar_pennies_from_heaven, minmay_misc_feat_roman,
          hex_intersection, nrook_campfire
D:2:      layout_basic, minmay_ruptured
D:3:      layout_rooms, mainiacjoe_overflow_chevrons, saegor_snake_ambush
D:4:      layout_layer_cave, mainiacjoe_overflow_small_starburst, uniq_natasha

Skill      XL: |  1  2  3  4  5 |
---------------+----------------+-----
Stealth        | 2 3 |  3.4
Dodging        | 2 3 |  3.2
Ice Magic      | 4 |  4.5
Spellcasting   | 3 |  3.2

Action                   |  1- 3 |  4- 6 || total
-------------------------+-------+-------++-------
Melee: Unarmed           |     6 |       ||     6
       Dagger            |    46 |    53 ||    99
       Touch             |     7 |    15 ||    22
 Cast: Freeze            |    65 |     6 ||    71
Invok: Draw Destruction  |     2 |     1 ||     3
       Draw Escape       |       |     1 ||     1
  Use: Scroll            |       |     6 ||     6
       Potion            |       |     1 ||     1
 Stab: Sleeping          |     1 |     4 ||     5
Armor: Robe              |    15 |     7 ||    22
Dodge: Dodged            |    94 |    10 ||   104

Table legend: (Time is in decaauts)
 A = Elapsed time spent in this place.
 B = Non-inter-level travel time spent in this place.
 C = Inter-level travel time spent in this place.
 D = Time resting spent in this place.
 E = Time spent auto-exploring this place.
 F = Levels seen in this place.
 G = Mean time per level.
                   A        B        C        D        E       F      G
               +--------+--------+--------+--------+--------+-----+--------+
         Total |   6189 |   6040 |    149 |   2687 |   2492 |   4 | 1547.2 |
       Dungeon |   6189 |   6040 |    149 |   2687 |   2492 |   4 | 1547.2 |
               +--------+--------+--------+--------+--------+-----+--------+

Top non-repeatable levels by time:
     D:2: 2207 daAuts
     D:1: 2191 daAuts
     D:3: 1076 daAuts
     D:4: 713 daAuts
